Map: Monte Asper

Players

Fede

  • Race: Terran Terran

Majco

  • Race: Protoss Protoss

JustMe

  • Race: Protoss Protoss

CooLMaN

  • Race: Protoss Protoss

Jhyrachy

  • Race: Zerg Zerg
  • League: Silver

Ryuk

  • Race: Protoss Protoss
  • League: Silver

Shkodnaya

  • Race: Terran Terran
  • League: Silver

EEE

  • Race: Protoss Protoss

VOD

Have the link to the VOD?

Description

Time

  • Played on: March 27, 2016, 8:10 a.m.
  • Length: 15:17
Show
View Real Time Build Order
Export as new Build Order

Fede Terran 

Build Orders: Mech 

Get SALT Encoding   

  12  0:03  SCV  
  13  0:15  SCV  
  14  0:25  Supply Depot  
  14  0:38  SCV  
  15  0:55  Barracks  
  15  0:58  Refinery  
  15  0:59  Refinery, Supply Depot, SCV  
  16  1:11  SCV  
  17  1:23  SCV  
  18  1:35  SCV  
  18  1:37  Supply Depot  
  19  1:47  SCV  
  19  1:49  Factory  
  20  2:17  SCV  
  21  2:24  Engineering Bay  
  21  2:29  SCV  
  22  2:34  Factory  
  22  2:37  Widow Mine  
  24  2:56  Missile Turret  
  24  3:03  Orbital Command  
  24  3:06  Widow Mine  
  26  3:18  Supply Depot  
  26  3:19  Factory Tech Lab  
  26  3:26  Factory  
  26  3:34  Widow Mine  
  26  3:41  Siege Tank  
  31  3:44  Supply Depot  
  31  3:51  Armory  
  31  4:03  Widow Mine  
  33  4:15  Supply Depot  
  33  4:18  Factory Reactor  
  33  4:21  Siege Tank  
  36  4:31  Widow Mine  
  38  4:48  Missile Turret  
  38  4:53  Siege Tank  
  38  4:58  Widow Mine x2  
  45  5:01  Factory Tech Lab  
  45  5:23  Siege Tank  
  45  5:25  Widow Mine  
  45  5:26  Widow Mine  
  52  5:39  SCV  
  53  5:55  Siege Tank, Widow Mine  
  53  5:56  Widow Mine  
  60  6:08  Command Center  
  60  6:17  Siege Tank  
  63  6:26  Supply Depot  
  63  6:54  SCV  
  64  7:00  Widow Mine x2  
  68  7:01  Siege Tank  
  71  7:19  Supply Depot  
  71  7:20  Terran Vehicle Weapons Level 1, SCV  
  71  7:22  Supply Depot  
  72  7:31  Missile Turret  
  72  7:32  SCV  
  73  7:44  SCV  
  74  7:56  SCV  
  75  7:58  SCV  
  76  8:08  SCV  
  76  8:11  SCV  
  78  8:14  Widow Mine x2  
  78  8:15  Siege Tank  
  85  8:20  SCV  
  85  8:22  Sensor Tower  
  85  8:23  SCV  
  87  8:32  SCV  
  88  8:35  SCV  
  88  8:40  Missile Turret  
  89  8:43  Missile Turret  
  89  8:44  SCV  
  89  8:46  Missile Turret  
  89  8:47  Siege Tank, SCV  
  94  8:52  Widow Mine x2  
  94  8:53  Widow Mine  
  100  8:56  SCV  
  100  8:58  Refinery  
  100  8:59  SCV  
  102  9:02  Refinery  
  102  9:26  Missile Turret  
  102  9:27  Missile Turret  
  102  9:29  Missile Turret  
  102  9:45  Supply Depot x2  
  102  9:47  Supply Depot  
  102  9:56  Missile Turret x2  
  102  9:59  Missile Turret  
  102  10:06  Widow Mine x4, SCV x2  
  112  10:18  SCV  
  113  10:23  Command Center  
  113  10:24  Sensor Tower  
  113  10:27  Missile Turret  
  113  10:29  Missile Turret  
  113  10:34  Widow Mine x2  
  113  10:35  Siege Tank, Widow Mine  
  122  10:45  Supply Depot  
  122  10:51  Supply Depot  
  122  10:52  Missile Turret  
  122  10:53  Supply Depot  
  122  10:54  Missile Turret  
  122  11:03  Widow Mine  
  124  11:26  Missile Turret  
  124  11:45  Factory  
  124  11:48  Factory  
  124  11:50  Factory  
  124  11:51  Factory  
  124  11:53  Widow Mine x2  
  128  11:54  Siege Tank x2  
  128  11:56  Missile Turret  
  128  11:59  Missile Turret  
  134  12:26  Thor x2  
  146  12:35  Factory Tech Lab x4  
  140  13:09  Thor  
  137  13:59  Widow Mine x2, Thor x3  
  137  14:00  Widow Mine x3  
  165  14:54  Refinery  
Show
View Real Time Build Order
Export as new Build Order

Majco Protoss 

Build Orders: Nexus First 

Get SALT Encoding   

  12  0:04  Probe (Chrono Boost)  
  13  0:14  Probe (Chrono Boost)  
  14  0:33  Pylon  
  14  0:55  Nexus  
  14  1:28  Nexus  
  14  1:40  Gateway  
  14  1:49  Pylon  
  14  1:54  Assimilator  
  14  1:56  Probe (Chrono Boost)  
  15  2:19  Forge  
  15  2:20  Probe (Chrono Boost)  
  16  2:24  Probe (Chrono Boost)  
  17  2:31  Probe (Chrono Boost)  
  17  2:33  Assimilator  
  18  2:39  Probe (Chrono Boost)  
  18  2:41  Probe (Chrono Boost)  
  21  2:44  Probe (Chrono Boost)  
  21  2:49  Probe (Chrono Boost)  
  22  2:55  Probe (Chrono Boost)  
  22  2:56  Photon Cannon  
  23  3:02  Pylon  
  23  3:04  Probe (Chrono Boost)  
  24  3:12  Probe (Chrono Boost)  
  25  3:14  Probe x2 (Chrono Boost)  
  27  3:22  Probe (Chrono Boost)  
  27  3:24  Probe (Chrono Boost)  
  27  3:25  Probe (Chrono Boost)  
  30  3:33  Photon Cannon  
  30  3:35  Probe (Chrono Boost)  
  30  3:39  Photon Cannon  
  31  3:47  Photon Cannon  
  31  3:55  Cybernetics Core, Probe (Chrono Boost)  
  32  3:59  Assimilator  
  32  4:04  Assimilator  
  32  4:06  Probe (Chrono Boost)  
  33  4:13  Probe (Chrono Boost)  
  33  4:17  Probe (Chrono Boost)  
  35  4:23  Probe (Chrono Boost)  
  36  4:27  Probe (Chrono Boost)  
  37  4:34  Stargate x2, Probe (Chrono Boost)  
  37  4:38  Pylon  
  38  4:40  Pylon  
  38  4:44  Probe (Chrono Boost)  
  40  4:46  Probe (Chrono Boost)  
  40  4:53  Assimilator  
  40  4:55  Probe (Chrono Boost)  
  40  4:57  Assimilator  
  41  5:05  Probe (Chrono Boost)  
  42  5:15  Probe (Chrono Boost)  
  42  5:18  Void Ray (Chrono Boost)  
  42  5:19  Void Ray (Chrono Boost)  
  51  5:26  Probe  
  52  5:29  Probe  
  53  5:36  Protoss Air Weapons Level 1  
  53  5:38  Probe  
  53  5:39  Probe  
  55  5:50  Probe x2  
  61  5:57  Stargate, Void Ray (Chrono Boost)  
  61  5:58  Void Ray (Chrono Boost)  
  61  5:59  Pylon  
  61  6:02  Probe  
  66  6:07  Pylon x2  
  66  6:08  Pylon  
  66  6:15  Probe x2  
  68  6:26  Probe  
  69  6:36  Probe, Void Ray (Chrono Boost)  
  69  6:37  Void Ray (Chrono Boost)  
  82  6:49  Void Ray (Chrono Boost)  
  82  7:13  Void Ray (Chrono Boost)  
  82  7:14  Void Ray (Chrono Boost)  
  90  7:20  Stargate  
  90  7:21  Stargate  
  90  7:25  Pylon x2  
  90  7:27  Void Ray (Chrono Boost)  
  94  7:30  Protoss Air Armor Level 1 (Chrono Boost)  
  94  7:51  Void Ray x2 (Chrono Boost)  
  102  8:15  Robotics Facility  
  102  8:16  Void Ray (Chrono Boost)  
  114  8:22  Void Ray x2 (Chrono Boost)  
  114  8:28  Void Ray (Chrono Boost)  
  114  8:31  Void Ray (Chrono Boost)  
  122  8:38  Fleet Beacon  
  122  8:43  Cybernetics Core  
  122  8:51  Void Ray (Chrono Boost)  
  126  9:01  Void Ray (Chrono Boost)  
  130  9:23  Protoss Air Armor Level 2 (Chrono Boost)  
  130  9:25  Protoss Air Weapons Level 2 (Chrono Boost)  
  130  9:37  Pylon  
  130  9:39  Pylon  
  130  9:42  Pylon  
  130  9:44  Pylon  
  130  9:46  Pylon  
  130  9:47  Observer  
  130  9:50  Pylon  
  130  9:51  Protoss Shields Level 1  
  130  9:52  Pylon  
  131  9:53  Pylon  
  131  9:55  Void Ray, Pylon  
  131  9:56  Pylon  
  135  10:01  Void Ray x2  
  143  10:25  Void Ray  
  143  10:31  Void Ray  
  151  10:38  Void Ray  
  143  11:19  Void Ray  
  143  11:24  Void Ray x2  
  143  11:25  Void Ray x2  
  151  11:59  Void Ray  
  151  12:07  Void Ray x3  
  151  12:08  Void Ray  
  147  13:30  Void Ray  
  147  13:35  Void Ray x4  
  147  13:40  Observer  
  168  14:09  Twilight Council  
Show
View Real Time Build Order
Export as new Build Order

JustMe Protoss 

Build Orders: Nexus First 

Get SALT Encoding   

  12  0:37  Nexus  
  12  0:46  Pylon  
  12  0:50  Probe (Chrono Boost)  
  13  1:01  Probe (Chrono Boost)  
  14  1:08  Pylon  
  14  1:11  Probe (Chrono Boost)  
  15  1:25  Probe (Chrono Boost)  
  16  1:32  Forge  
  16  1:37  Probe (Chrono Boost)  
  17  1:47  Probe (Chrono Boost)  
  18  1:58  Probe (Chrono Boost)  
  19  2:05  Photon Cannon  
  19  2:08  Probe (Chrono Boost), Photon Cannon  
  19  2:15  Photon Cannon  
  20  2:24  Probe (Chrono Boost)  
  20  2:26  Photon Cannon  
  21  2:32  Probe (Chrono Boost)  
  22  2:42  Probe x2 (Chrono Boost)  
  24  2:49  Assimilator  
  24  2:55  Assimilator  
  24  3:04  Photon Cannon  
  24  3:17  Photon Cannon  
  24  3:22  Probe (Chrono Boost)  
  24  3:23  Pylon  
  25  3:30  Photon Cannon  
  25  3:33  Probe (Chrono Boost)  
  26  3:37  Assimilator, Probe (Chrono Boost)  
  27  3:43  Probe (Chrono Boost)  
  27  3:47  Probe (Chrono Boost)  
  27  3:48  Pylon  
  29  3:54  Probe (Chrono Boost)  
  30  3:58  Probe (Chrono Boost)  
  31  4:06  Assimilator  
  31  4:08  Probe (Chrono Boost)  
  32  4:16  Gateway  
  32  4:19  Probe (Chrono Boost)  
  33  4:29  Probe (Chrono Boost)  
  34  4:36  Pylon  
  34  4:47  Probe (Chrono Boost)  
  35  4:54  Photon Cannon  
  35  4:57  Probe (Chrono Boost)  
  36  5:00  Photon Cannon  
  36  5:08  Probe (Chrono Boost)  
  37  5:18  Cybernetics Core  
  37  5:19  Probe (Chrono Boost)  
  38  5:21  Cybernetics Core  
  38  5:24  Pylon  
  38  5:29  Probe (Chrono Boost)  
  39  5:41  Pylon  
  39  5:50  Probe (Chrono Boost)  
  40  5:59  Photon Cannon  
  40  6:01  Probe (Chrono Boost)  
  40  6:02  Photon Cannon  
  41  6:11  Probe (Chrono Boost)  
  41  6:30  Stargate  
  41  6:32  Stargate  
  41  6:37  Stargate  
  41  7:00  Stargate  
  41  7:02  Pylon  
  41  7:15  Protoss Air Weapons Level 1  
  41  7:16  Protoss Air Armor Level 1  
  41  7:22  Void Ray (Chrono Boost)  
  49  7:23  Nexus, Void Ray x2 (Chrono Boost)  
  53  7:47  Pylon  
  53  7:50  Pylon  
  53  7:57  Void Ray (Chrono Boost)  
  57  8:01  Void Ray (Chrono Boost)  
  57  8:03  Void Ray (Chrono Boost)  
  69  8:08  Void Ray (Chrono Boost)  
  69  8:39  Void Ray (Chrono Boost)  
  69  8:41  Probe, Void Ray x2 (Chrono Boost)  
  81  8:42  Assimilator  
  77  8:52  Probe  
  78  9:03  Probe  
  79  9:13  Probe  
  80  9:24  Probe  
  61  9:42  Void Ray x2 (Chrono Boost)  
  77  9:47  Void Ray x2 (Chrono Boost)  
  77  9:51  Assimilator  
  73  10:28  Fleet Beacon  
  77  10:29  Pylon  
  77  10:30  Void Ray (Chrono Boost)  
  77  10:35  Pylon  
  77  10:37  Probe  
  78  10:43  Pylon  
  78  10:49  Void Ray (Chrono Boost)  
  86  10:50  Void Ray (Chrono Boost)  
  86  10:54  Void Ray (Chrono Boost)  
  90  11:14  Anion Pulse-Crystals  
  90  11:15  Protoss Air Weapons Level 2 (Chrono Boost)  
  90  11:25  Void Ray  
  94  11:27  Mothership Core  
  96  11:36  Protoss Air Armor Level 2 (Chrono Boost)  
  96  11:37  Void Ray  
  106  11:56  Void Ray  
  106  12:00  Void Ray  
  114  12:17  Pylon  
  114  12:18  Pylon  
  114  12:20  Pylon  
  114  12:24  Pylon  
  114  12:25  Pylon  
  114  12:26  Pylon  
  114  12:28  Pylon  
  114  12:31  Pylon  
  114  12:34  Void Ray, Pylon  
  114  12:36  Void Ray  
  114  12:39  Void Ray  
  126  12:51  Void Ray  
  130  13:11  Void Ray  
  130  13:13  Void Ray  
  138  13:21  Void Ray  
  142  14:09  Void Ray x2  
  142  14:14  Void Ray x2  
Show
View Real Time Build Order
Export as new Build Order

CooLMaN Protoss 

Build Orders: Double Forge 

Get SALT Encoding   

  12  0:02  Probe (Chrono Boost)  
  13  0:12  Probe (Chrono Boost)  
  14  0:22  Pylon  
  14  0:23  Probe (Chrono Boost)  
  15  0:34  Assimilator  
  15  0:40  Probe (Chrono Boost)  
  16  0:51  Probe (Chrono Boost)  
  16  0:56  Gateway  
  17  1:01  Probe (Chrono Boost)  
  18  1:07  Pylon  
  18  1:12  Probe (Chrono Boost)  
  18  1:13  Gateway  
  19  1:22  Probe (Chrono Boost)  
  20  1:33  Probe (Chrono Boost)  
  20  1:38  Pylon  
  21  1:45  Probe (Chrono Boost)  
  22  1:49  Cybernetics Core  
  22  1:56  Probe (Chrono Boost)  
  23  2:09  Probe (Chrono Boost)  
  24  2:16  Nexus  
  24  2:21  Probe (Chrono Boost)  
  25  2:25  Adept  
  25  2:29  Adept  
  29  2:34  Probe (Chrono Boost)  
  30  2:41  Assimilator  
  30  2:45  Probe (Chrono Boost)  
  30  2:46  Pylon  
  31  2:56  Mothership Core (Chrono Boost), Adept  
  35  3:03  Adept  
  37  3:14  Probe (Chrono Boost)  
  37  3:15  Gateway  
  38  3:25  Probe (Chrono Boost)  
  39  3:30  Probe (Chrono Boost)  
  40  3:35  Probe (Chrono Boost)  
  40  3:38  Twilight Council  
  40  3:41  Probe (Chrono Boost)  
  42  3:44  Pylon  
  42  3:50  Pylon  
  42  3:52  Probe (Chrono Boost)  
  43  3:56  Adept  
  43  3:58  Probe (Chrono Boost)  
  46  4:03  Probe (Chrono Boost), Warp Gate  
  46  4:06  Adept  
  46  4:09  Probe (Chrono Boost)  
  50  4:14  Probe (Chrono Boost)  
  50  4:15  Resonating Glaives  
  51  4:19  Probe (Chrono Boost)  
  51  4:23  Forge  
  53  4:24  Probe (Chrono Boost)  
  53  4:27  Adept  
  55  4:33  Forge  
  55  4:35  Probe x2 (Chrono Boost)  
  57  4:41  Assimilator  
  57  4:44  Forge  
  57  4:45  Probe (Chrono Boost)  
  58  4:47  Adept  
  58  4:49  Probe (Chrono Boost)  
  61  4:55  Probe (Chrono Boost)  
  62  5:00  Protoss Ground Weapons Level 1 (Chrono Boost)  
  62  5:04  Pylon  
  62  5:06  Protoss Ground Armor Level 1 (Chrono Boost)  
  62  5:10  Probe  
  63  5:16  Probe  
  64  5:22  Probe  
  64  5:23  Adept x3  
  71  5:32  Gateway  
  71  5:34  Probe  
  72  5:36  Pylon  
  72  5:39  Protoss Shields Level 1 (Chrono Boost)  
  72  5:46  Probe  
  73  5:50  Adept x2  
  77  5:59  Adept  
  79  6:17  Adept x2  
  83  6:27  Assimilator, Adept  
  83  6:29  Probe  
  83  6:32  Nexus  
  86  6:41  Probe  
  81  6:53  Probe  
  68  7:04  Adept x4  
  68  7:07  Gateway  
  68  7:08  Gateway  
  76  7:10  Gateway  
  76  7:13  Charge  
  76  7:14  Gateway  
  76  7:17  Gateway  
  76  7:19  Gateway  
  76  7:22  Gateway  
  76  7:26  Protoss Ground Armor Level 2 (Chrono Boost)  
  74  7:31  Adept x2  
  78  7:42  Protoss Ground Weapons Level 2 (Chrono Boost)  
  78  7:45  Zealot x2  
  77  7:58  Zealot  
  77  8:12  Zealot x2  
  81  8:20  Pylon, Stalker  
  81  8:21  Stalker x3  
  81  8:22  Pylon, Stalker x4  
  81  8:24  Pylon  
  81  8:25  Zealot  
  99  8:39  Zealot, Stalker  
  103  8:50  Stalker  
  103  8:51  Stalker x2  
  73  9:38  Stalker  
  73  9:39  Zealot x3  
  73  9:40  Zealot x6  
  73  9:41  Zealot  
  77  9:56  Probe  
  78  10:04  Protoss Ground Weapons Level 3 (Chrono Boost)  
  78  10:05  Probe  
  78  10:06  Probe, Zealot x3  
  78  10:07  Zealot x5  
  87  10:08  Probe  
  97  10:17  Probe  
  97  10:20  Probe  
  99  10:21  Protoss Ground Armor Level 3 (Chrono Boost)  
  99  10:26  Templar Archives  
  99  10:33  Probe  
  99  10:35  Probe  
  100  10:38  Assimilator  
  100  10:42  Assimilator  
  101  10:45  Probe  
  101  10:48  Protoss Shields Level 2 (Chrono Boost), Zealot x3  
  108  10:56  Probe  
  109  11:06  Probe  
  110  11:17  Probe  
  111  11:31  Psionic Storm  
  111  11:38  Probe  
  112  11:49  Probe  
  113  11:59  Probe  
  114  12:04  Pylon  
  114  12:05  Pylon  
  114  12:10  Probe, Pylon  
  115  12:20  Probe  
  116  12:25  High Templar  
  116  12:26  High Templar x3  
  116  12:27  High Templar  
  116  12:29  High Templar  
  128  12:30  High Templar x2  
  132  12:48  Zealot x2  
  132  12:50  Zealot  
  138  12:58  Protoss Shields Level 3 (Chrono Boost)  
  138  12:59  Zealot  
  138  13:00  Zealot x2  
  144  13:07  Pylon  
  144  13:08  Pylon  
  144  13:10  Pylon  
  144  13:12  Pylon  
  114  13:37  High Templar x3  
  114  13:38  High Templar x2  
  114  13:40  Zealot x3  
  114  13:41  Zealot x3  
  131  13:54  Probe  
  119  13:57  Probe  
  120  14:02  Zealot  
  120  14:03  Zealot x4  
  120  14:04  Zealot  
  120  14:06  Probe  
  120  14:07  Probe  
  134  14:17  Robotics Facility  
  134  14:18  Probe  
  134  14:21  Zealot x3  
  134  14:22  Zealot x2  
  134  14:23  Zealot  
  147  14:24  Zealot  
  147  14:28  Probe  
  150  14:39  Probe  
Show
View Real Time Build Order
Export as new Build Order

Jhyrachy Zerg 

Build Orders: Pool First 

Get SALT Encoding   

  12  0:05  Drone  
  13  0:17  Drone  
  13  0:18  Overlord  
  14  0:38  Drone x2  
  14  0:41  Drone  
  17  0:51  Spawning Pool  
  17  0:53  Drone  
  17  0:57  Extractor  
  17  1:02  Drone  
  17  1:24  Drone x2  
  19  1:34  Drone  
  19  1:38  Queen  
  22  1:43  Hatchery  
  22  1:44  Drone  
  22  2:06  Extractor  
  22  2:08  Drone  
  22  2:11  Overlord  
  22  2:51  Lair  
  22  2:54  Drone  
  22  2:55  Drone  
  24  3:01  Queen  
  26  3:52  Queen  
  28  4:02  Hydralisk Den  
  27  4:09  Drone  
  28  4:10  Drone x8  
  28  4:11  Overlord  
  28  4:12  Overlord  
  36  4:49  Evolution Chamber  
  35  4:54  Evolution Chamber  
  34  5:08  Roach Warren  
  33  5:15  Drone x8  
  33  5:16  Drone x6  
  33  5:19  Extractor  
  33  5:20  Extractor  
  45  6:04  Zerg Ground Armor Level 1, Zerg Missile Weapons Level 1  
  45  6:10  Hydralisk x3  
  51  6:19  Spine Crawler  
  51  6:20  Spine Crawler  
  51  6:22  Spine Crawler  
  48  6:41  Drone  
  49  7:01  Lurker Den  
  49  8:01  Overlord x2  
  49  8:02  Overlord x3  
  49  8:11  Hatchery  
  48  8:14  Zerg Missile Weapons Level 2  
  48  8:15  Zerg Ground Armor Level 2  
  48  8:19  Hydralisk x8  
  64  8:34  Muscular Augments  
  64  8:37  Queen  
  64  8:38  Hydralisk x8  
  82  9:03  Overlord x4  
  56  9:38  Lurker  
  53  9:57  Hydralisk  
  53  9:58  Hydralisk x8  
  71  10:29  Overlord x3  
  71  10:32  Hydralisk  
  71  10:33  Hydralisk x12  
  97  10:57  Infestation Pit  
  46  11:33  Hydralisk  
  46  11:34  Hydralisk x12  
  70  12:26  Pneumatized Carapace  
  70  12:29  Hydralisk x5  
  72  12:30  Hydralisk x13  
  103  13:11  Hive  
  91  13:49  Hydralisk  
  91  13:50  Hydralisk x20  
  91  13:51  Hydralisk x2  
  91  13:53  Overlord x4  
  137  14:19  Extractor  
Show
View Real Time Build Order
Export as new Build Order

Ryuk Protoss 

Build Orders:  

Get SALT Encoding   

  12  0:02  Probe (Chrono Boost)  
  13  0:13  Probe (Chrono Boost)  
  14  0:19  Pylon  
  14  0:23  Probe (Chrono Boost)  
  15  0:32  Assimilator  
  15  0:37  Probe (Chrono Boost)  
  16  0:43  Gateway  
  16  0:47  Probe (Chrono Boost)  
  17  0:58  Probe (Chrono Boost)  
  17  1:04  Pylon  
  18  1:05  Assimilator  
  18  1:09  Probe (Chrono Boost)  
  19  1:23  Probe (Chrono Boost)  
  20  1:32  Cybernetics Core  
  20  1:33  Probe (Chrono Boost)  
  21  1:44  Probe (Chrono Boost)  
  22  1:47  Zealot  
  24  1:55  Forge  
  24  2:01  Pylon  
  24  2:15  Robotics Facility  
  24  2:20  Stalker (Chrono Boost)  
  26  2:23  Mothership Core  
  28  2:53  Stalker (Chrono Boost)  
  30  3:02  Warp Prism (Chrono Boost)  
  32  3:21  Stalker  
  34  3:34  Pylon  
  34  3:35  Observer (Chrono Boost)  
  35  3:50  Nexus  
  35  3:54  Pylon  
  35  4:02  Protoss Ground Weapons Level 1  
  35  4:05  Gateway  
  35  4:07  Pylon  
  35  4:10  Gateway  
  35  4:18  Photon Cannon  
  35  4:23  Stalker (Chrono Boost)  
  37  4:37  Photon Cannon  
  37  4:50  Stalker (Chrono Boost)  
  43  5:00  Probe, Stalker (Chrono Boost)  
  43  5:03  Sentry (Chrono Boost)  
  44  5:11  Probe  
  45  5:24  Probe  
  46  5:34  Probe  
  47  5:45  Probe  
  47  5:46  Pylon  
  48  5:51  Stalker (Chrono Boost)  
  48  5:55  Probe, Stalker (Chrono Boost)  
  52  6:03  Pylon  
  53  6:06  Probe  
  54  6:17  Zealot (Chrono Boost)  
  53  6:28  Photon Cannon  
  53  6:31  Photon Cannon  
  53  6:34  Sentry (Chrono Boost)  
  53  6:38  Pylon, Stalker (Chrono Boost)  
  57  6:41  Immortal  
  57  6:42  Twilight Council  
  63  6:48  Stalker (Chrono Boost)  
  63  6:49  Probe  
  63  6:50  Photon Cannon  
  64  6:59  Probe  
  65  7:06  Photon Cannon  
  65  7:10  Probe  
  65  7:13  Protoss Shields Level 1  
  66  7:20  Probe  
  67  7:31  Probe, Photon Cannon  
  67  7:34  Pylon  
  68  7:38  Stalker (Chrono Boost)  
  68  7:40  Gateway  
  68  7:41  Probe  
  68  7:42  Stalker x2 (Chrono Boost)  
  75  7:46  Warp Gate  
  75  7:52  Probe  
  76  8:03  Probe  
  76  8:04  Assimilator  
  77  8:08  Assimilator  
  77  8:11  Stalker (Chrono Boost)  
  77  8:12  Assimilator  
  83  8:14  Assimilator  
  83  8:15  Stalker x2 (Chrono Boost)  
  83  8:18  Pylon  
  83  8:22  Immortal  
  87  8:28  Forge  
  87  8:31  Blink  
  87  8:37  Pylon  
  87  8:38  Stalker (Chrono Boost)  
  87  8:41  Stalker (Chrono Boost)  
  91  8:54  Probe  
  92  9:05  Probe  
  92  9:07  Stalker (Chrono Boost)  
  101  9:11  Stalker x3 (Chrono Boost)  
  101  9:15  Probe  
  102  9:26  Probe  
  103  9:36  Probe  
  102  9:43  Stalker (Chrono Boost)  
  92  9:47  Probe, Stalker x3 (Chrono Boost)  
  87  9:59  Immortal  
  91  10:09  Probe  
  70  10:36  Stalker x2  
  70  10:37  Stalker  
  70  10:39  Stalker  
  70  10:47  Photon Cannon  
  69  10:50  Photon Cannon  
  69  10:52  Pylon  
  26  11:18  Stalker  
  26  11:19  Stalker x2  
  26  11:21  Stalker  
  28  12:02  Nexus  
  28  12:05  Nexus  
  24  12:20  Pylon  
  24  12:21  Pylon  
  24  12:23  Pylon  
  24  12:24  Pylon  
  24  12:26  Pylon  
  24  13:21  Probe  
  24  13:24  Probe  
  26  13:32  Probe  
  27  13:35  Probe  
  28  13:42  Probe  
  28  13:45  Probe  
  30  13:52  Gateway  
  30  13:53  Probe  
  31  13:56  Probe  
  32  14:04  Probe  
  32  14:06  Probe  
  34  14:20  Forge  
Show
View Real Time Build Order
Export as new Build Order

Shkodnaya Terran 

Build Orders:  

Get SALT Encoding   

  12  0:03  SCV  
  13  0:15  SCV  
  14  0:27  SCV  
  15  0:33  Supply Depot  
  15  0:36  Refinery  
  15  0:54  SCV  
  16  0:57  Barracks  
  16  1:06  SCV  
  17  1:12  Barracks  
  17  1:19  SCV  
  18  1:31  SCV  
  19  1:43  SCV  
  20  1:48  Barracks  
  20  1:50  Supply Depot  
  20  1:55  SCV  
  21  2:02  Refinery  
  21  2:07  SCV  
  21  2:08  Marine  
  23  2:11  Marine  
  24  2:31  Command Center  
  24  2:41  Marine  
  24  2:42  Engineering Bay  
  25  2:50  SCV  
  26  2:54  Barracks Reactor  
  26  3:05  Factory  
  26  3:07  SCV  
  27  3:19  Missile Turret, SCV  
  28  3:20  Marine  
  29  3:30  Barracks Tech Lab  
  29  3:32  Marine, SCV  
  31  3:41  Supply Depot  
  31  3:49  Factory Tech Lab  
  31  3:57  Orbital Command  
  31  4:01  Orbital Command  
  31  4:10  Barracks Reactor  
  31  4:13  Siege Tank  
  34  4:23  SCV  
  35  4:27  SCV  
  36  4:35  SCV  
  36  4:37  Starport  
  37  4:46  Siege Tank, Stimpack  
  37  4:47  SCV  
  37  4:52  Refinery  
  41  5:07  Missile Turret  
  41  5:15  Starport Reactor  
  41  5:18  Siege Tank  
  41  5:20  Factory  
  44  5:24  SCV x2  
  46  5:32  Refinery  
  46  5:50  Siege Tank, SCV x2  
  46  5:52  Medivac  
  53  6:00  Supply Depot  
  53  6:02  SCV  
  54  6:06  Supply Depot  
  54  6:20  Supply Depot  
  54  6:21  Marine x3  
  54  6:22  Marauder  
  54  6:23  Supply Depot  
  59  6:29  Viking x2  
  66  6:32  Siege Tank  
  66  6:36  Factory Tech Lab  
  66  6:37  Terran Infantry Weapons Level 1  
  60  6:49  Marine x4  
  60  6:50  Marine  
  58  7:00  Siege Tank  
  61  7:07  Reaper  
  62  7:12  Siege Tank  
  65  7:25  Medivac  
  65  7:42  Siege Tank  
  68  7:56  Command Center  
  68  8:08  Marine, Barracks  
  68  8:09  Marine x3  
  68  8:10  Barracks  
  72  8:28  Siege Tank x2  
  72  8:30  Viking  
  72  8:32  Terran Infantry Armor Level 1  
  79  8:52  Marine x5  
  84  8:59  SCV x2, Barracks  
  83  9:03  Supply Depot, Viking  
  83  9:08  Viking  
  81  9:11  SCV  
  63  9:21  Barracks Reactor, Barracks Tech Lab  
  55  9:25  Supply Depot  
  48  9:33  Marine, Viking  
  48  9:34  Marine x4  
  48  9:38  Viking  
  53  9:43  Orbital Command  
  53  9:48  Barracks Reactor, Supply Depot  
  53  9:51  Marine  
  54  9:53  Armory  
  54  9:56  Concussive Shells  
  54  10:01  Siege Tank x2  
  54  10:04  Medivac  
  62  10:08  Medivac  
  62  10:13  Marine x3  
  62  10:14  Marine x4  
  67  10:18  Liberator  
  67  10:21  Liberator  
  71  10:23  Marine  
  71  10:24  Marine x2  
  74  10:31  Marine x3  
  74  10:32  Marine  
  84  10:47  Refinery  
  84  10:48  Refinery  
  84  10:51  Thor  
  90  11:01  Liberator  
  85  11:16  Thor  
  93  11:34  Hellbat  
  93  11:36  Terran Infantry Weapons Level 2  
  95  11:42  Marine, Viking  
  95  11:43  Marine x4  
  102  11:52  Marine x5  
  107  11:56  Hellbat  
  107  11:59  Siege Tank  
  107  12:00  Marine x2  
  107  12:01  Marine x2  
  116  12:10  SCV x3  
  116  12:11  Marauder x2  
  123  12:22  SCV x2  
  125  12:26  Terran Vehicle Weapons Level 1  
  125  12:27  Supply Depot  
  125  12:29  Supply Depot  
  125  12:31  Supply Depot  
  125  12:48  Siege Tank x2, Medivac  
  125  12:50  Viking  
  76  13:20  Siege Tank  
Show
View Real Time Build Order
Export as new Build Order

EEE Protoss 

Build Orders:  

Get SALT Encoding   

  12  0:20  Probe (Chrono Boost)  
  13  0:30  Probe (Chrono Boost)  
  14  0:44  Pylon  
  14  0:47  Pylon  
  14  0:52  Assimilator, Probe (Chrono Boost)  
  15  1:02  Probe (Chrono Boost)  
  16  1:17  Nexus  
  16  1:26  Gateway  
  16  1:32  Probe (Chrono Boost)  
  17  1:43  Probe (Chrono Boost)  
  18  1:47  Forge  
  19  1:54  Probe (Chrono Boost)  
  19  2:19  Cybernetics Core  
  19  2:23  Zealot  
  21  2:32  Pylon  
  21  2:33  Assimilator  
  21  2:35  Probe (Chrono Boost)  
  22  2:41  Probe (Chrono Boost)  
  23  2:50  Zealot  
  25  2:52  Probe (Chrono Boost)  
  26  3:02  Probe (Chrono Boost)  
  26  3:03  Probe (Chrono Boost)  
  28  3:08  Pylon  
  28  3:13  Probe x2 (Chrono Boost)  
  30  3:23  Probe (Chrono Boost)  
  30  3:24  Probe (Chrono Boost)  
  32  3:31  Photon Cannon  
  33  3:34  Probe (Chrono Boost)  
  33  3:43  Stargate  
  33  3:54  Stargate  
  33  3:58  Assimilator  
  33  4:03  Probe x2 (Chrono Boost)  
  33  4:05  Assimilator  
  35  4:13  Probe x2 (Chrono Boost)  
  39  4:24  Probe x2 (Chrono Boost)  
  39  4:32  Photon Cannon  
  39  4:34  Probe (Chrono Boost)  
  39  4:35  Probe (Chrono Boost)  
  41  4:40  Void Ray  
  41  4:45  Probe x2 (Chrono Boost), Void Ray  
  51  4:57  Pylon  
  51  5:00  Protoss Air Weapons Level 1  
  51  5:05  Probe x2 (Chrono Boost)  
  53  5:16  Probe x2 (Chrono Boost)  
  55  5:27  Robotics Facility  
  55  5:44  Void Ray  
  55  5:45  Void Ray  
  61  6:16  Observer  
  62  6:27  Void Ray  
  62  6:28  Void Ray  
  70  6:38  Pylon  
  70  6:41  Pylon  
  70  6:48  Protoss Shields Level 1  
  70  6:54  Protoss Air Armor Level 1  
  70  7:09  Void Ray  
  70  8:07  Void Ray x2  
  66  8:33  Fleet Beacon  
  66  8:43  Protoss Ground Armor Level 1  
  66  8:50  Void Ray x2  
  74  9:33  Void Ray x2  
  74  9:36  Stargate  
  82  9:44  Stargate  
  82  10:16  Void Ray  
  82  10:17  Void Ray  
  62  10:30  Zealot  
  62  10:35  Void Ray x2  
  72  10:37  Protoss Ground Weapons Level 1  
  72  10:57  Zealot  
  72  10:58  Void Ray  
  72  10:59  Protoss Air Weapons Level 2  
  72  11:00  Void Ray  
  82  11:18  Void Ray  
  86  11:26  Pylon  
  86  11:28  Pylon  
  86  11:31  Pylon  
  86  11:33  Pylon  
  86  11:36  Pylon  
  86  11:41  Pylon  
  86  11:43  Pylon  
  86  11:44  Void Ray x2  
  86  11:45  Pylon  
  86  11:46  Zealot  
  96  11:48  Pylon  
  92  11:57  Photon Cannon  
  92  11:58  Photon Cannon  
  92  12:00  Photon Cannon  
  64  12:02  Photon Cannon  
  64  12:04  Photon Cannon x2  
  64  12:08  Void Ray x2, Photon Cannon  
  72  12:09  Photon Cannon  
  72  12:13  Zealot  
  72  12:15  Photon Cannon  
  74  12:17  Photon Cannon  
  74  12:23  Photon Cannon x2  
  74  12:25  Photon Cannon  
  74  12:40  Zealot  
  74  12:42  Void Ray  
  74  12:43  Void Ray  
  84  12:50  Twilight Council  
  84  13:23  Void Ray x2  
  84  13:25  Void Ray  
  84  13:26  Zealot  
  98  13:44  Void Ray  
  102  13:53  Zealot  
  84  14:06  Void Ray x2  
  84  14:08  Void Ray  
  96  14:20  Zealot  
  98  14:27  Void Ray  
  102  14:47  Zealot  
Tags
 
Add a new tag
Caveats
  • Supply blocks, unpowered buildings, or Contaminate may cause inaccurate times.
  • Supply counts are checked every 10 seconds.